AoeStats
← Carple

Arena

504149354Analyzed
4v4 RM · 29d ago on Sep 4, 2026· 48m 37s· 8 players
Game mode
Random Map
Map size
Large (8 player)
Population
200
Speed
Normal
Resources
Standard
Victory
Conquest
Starting age
Dark Age
Ending age
Imperial Age
RankedLock teamsTeams togetherTeam positionsShared explorationLock speedFull tech treeHidden civsTurbo modeCheats
Victory
Defeat
🇨🇳 Bulgarians · China
1068
+13
🇮🇳 Franks · India
1059
+13
🇲🇽 Teutons · Mexico
1027
+14
🇵🇪 Celts · Peru
998
+16
🇺🇸 Slavs · United States
1015
-15
🇨🇦 Japanese · Canada
996
-14
🇲🇽 Britons · Mexico
994
-14
🇲🇽 Khmer · Mexico
969
-13
TomahawkAssassN
11:04 Feudal Age
16:06 Castle Age
16:11 Stone Mining
18:51 Double-Bit Axe
19:00 Gold Mining
18:53 Horse Collar
20:01 Crossbowman
24:18 Fletching
27:26 Bodkin Arrow
29:35 Heavy Plow
35:33 Imperial Age
34:06 Bloodlines
35:22 Wheelbarrow
34:34 Loom
36:19 Padded Archer Armor
36:26 Scale Barding Armor
36:32 Forging
41:30 Conscription
43:49 Iron Casting
43:15 Scale Mail Armor
44:03 Cavalier
44:44 Husbandry
45:07 Man-at-Arms
46:28 Hand Cart
45:56 Light Cavalry
47:48 Blast Furnace
47:57 Chain Barding Armor
Carple
10:48 Feudal Age
11:33 Double-Bit Axe
16:03 Castle Age
15:08 Stone Mining
15:01 Horse Collar
15:53 Gold Mining
16:47 Squires
16:35 Arson
17:57 Forging
18:22 Scale Mail Armor
24:45 Gambesons
24:58 Loom
25:00 Town Watch
26:49 Iron Casting
26:55 Bow Saw
27:58 Wheelbarrow
32:35 Heavy Plow
34:07 Chain Mail Armor
39:30 Imperial Age
37:43 Hand Cart
37:09 Pikeman
39:57 Halberdier
41:20 Kataparuto
41:20 Conscription
43:00 Plate Mail Armor
Starcrazy360
8:42 Feudal Age
9:11 Double-Bit Axe
16:34 Castle Age
31:36 Fletching
37:59 Imperial Age
36:33 Padded Archer Armor
37:38 Ballistics
37:22 Gold Mining
37:56 Bow Saw
38:20 Horse Collar
39:07 Bodkin Arrow
40:34 Chemistry
40:05 Conscription
40:01 Bracer
41:59 Conscription
HTELRA6828
5:01 Loom
11:35 Feudal Age
13:23 Wheelbarrow
14:16 Double-Bit Axe
16:00 Gold Mining
18:53 Horse Collar
23:44 Castle Age
22:46 Stone Mining
26:13 Hand Cart
27:11 Bow Saw
27:39 Caravan
29:01 Heavy Plow
31:39 Gold Shaft Mining
31:40 Stone Shaft Mining
34:10 Ballistics
36:03 Masonry
40:40 Town Watch
44:08 Imperial Age
44:16 Capped Ram
46:09 Chemistry
44:53 Heavy Scorpion
borraznajera
0:28 Loom
11:16 Feudal Age
12:37 Wheelbarrow
11:47 Town Watch
11:55 Stone Mining
12:28 Horse Collar
12:58 Town Watch
19:14 Double-Bit Axe
25:55 Castle Age
24:48 Scale Barding Armor
24:44 Scale Mail Armor
24:54 Forging
25:10 Gold Mining
25:55 Arson
27:59 Bloodlines
28:34 Town Patrol
29:56 Heavy Plow
32:02 Bow Saw
32:51 Hand Cart
35:13 Imperial Age
33:44 Chain Barding Armor
34:25 Chain Mail Armor
36:06 Iron Casting
37:27 Crop Rotation
39:02 Two-Man Saw
39:00 Cavalier
40:13 Conscription
40:13 Ironclad
40:39 Plate Barding Armor
40:20 Fortified Wall
40:01 Guard Tower
40:22 Masonry
41:40 Plate Mail Armor
42:11 Blast Furnace
42:27 Chemistry
41:48 Ballistics
41:36 Paladin
42:32 Heated Shot
43:32 Stone Shaft Mining
43:08 Caravan
43:38 Coinage
43:19 Guilds
43:33 Padded Archer Armor
43:24 Fletching
44:28 Keep
44:00 Siege Engineers
44:31 Crenellations
44:47 Arrowslits
ieshwarvsr
10:45 Feudal Age
14:45 Castle Age
14:05 Double-Bit Axe
21:29 Bow Saw
25:07 Husbandry
28:44 Loom
32:33 Imperial Age
32:33 Fortified Wall
32:19 Murder Holes
32:45 Ballistics
32:45 Forging
32:45 Scale Barding Armor
33:52 Conscription
34:15 Chain Barding Armor
34:31 Iron Casting
33:21 Cavalier
35:39 Chivalry
36:16 Hoardings
36:48 Chemistry
38:53 Onager
39:04 Paladin
43:46 Wheelbarrow
44:19 Blast Furnace
43:55 Plate Barding Armor
43:21 Scale Mail Armor
43:12 Fletching
43:23 Padded Archer Armor
45:05 Pikeman
45:46 Squires
45:31 Arson
46:26 Halberdier
1Timoteo2:11
12:47 Feudal Age
17:02 Castle Age
15:21 Double-Bit Axe
16:03 Horse Collar
16:20 Gold Mining
18:11 Bow Saw
21:38 Heavy Plow
22:47 Wheelbarrow
23:37 Gold Shaft Mining
23:15 Forging
23:48 Loom
24:40 Stone Mining
26:01 Stone Shaft Mining
26:27 Man-at-Arms
27:47 Iron Casting
27:59 Long Swordsman
29:04 Scale Mail Armor
35:24 Imperial Age
33:44 Stronghold
33:40 Gambesons
33:42 Arson
33:41 Treadmill Crane
34:22 Ballistics
33:54 Fletching
34:20 Chain Mail Armor
34:26 Bodkin Arrow
37:10 Blast Furnace
36:17 Siege Engineers
35:44 Heavy Scorpion
36:04 Two-Handed Swordsman
36:51 Champion
37:50 Furor Celtica
38:03 Conscription
39:39 Chemistry
38:46 Siege Engineers
39:42 Chemistry
39:14 Plate Mail Armor
40:41 Guilds
40:17 Capped Ram
41:11 Siege Ram
41:15 Elite Woad Raider
46:09 Murder Holes
46:20 Scale Barding Armor
45:40 Onager
45:40 Pikeman
_TY_梦涯
9:40 Feudal Age
9:23 Loom
13:57 Castle Age
12:23 Scale Barding Armor
12:43 Double-Bit Axe
21:56 Scale Mail Armor
28:26 Fervor
30:29 Ballistics
32:15 Horse Collar
35:54 Chain Mail Armor
35:49 Forging
35:59 Chain Barding Armor
35:03 Pikeman
35:44 Squires
35:29 Gambesons
35:36 Arson
37:01 Wheelbarrow
36:12 Town Watch
37:15 Town Patrol
37:16 Gambesons
38:16 Iron Casting
40:30 Imperial Age
38:47 Stirrups
39:59 Bloodlines
39:49 Husbandry
39:33 Light Cavalry
41:36 Conscription
41:20 Halberdier
41:26 Hussar
44:48 Hand Cart
45:30 Plate Mail Armor
46:01 Blast Furnace
47:14 Plate Barding Armor
47:05 Bow Saw
47:51 Bagains
48:27 Heavy Plow
48:43 Masonry
Connection lost

Rejoining the realm…

Still unreachable

The connection could not be restored.

Session expired

The server has moved on; the page needs a fresh start.